 Dungeon Crawl Stone Soup version 0.29-a0-284-gf9362112df (webtiles) character file.

Game seed: 15457951525200071182

4006 silky the Cruncher (level 10, -1/126 HPs)
             Began as a Minotaur Chaos Knight on Mar 31, 2022.
             Was a Plaything of Xom.
             Succumbed to a gnoll sergeant's poison
             ... on level 8 of the Dungeon.
             The game lasted 00:28:00 (8334 turns).

silky the Cruncher (Minotaur Chaos Knight)          Turns: 8334, Time: 00:28:00

Health: -1/126     AC:  9    Str: 15 (17) XL:     10   Next: 3%
Magic:  8/11       EV: 10    Int:  7 (11) God:    Xom [...*..]
Gold:   542        SH:  0    Dex:  7 (10) Spells: 10/12 levels left

rFire   + . .      SeeInvis .   g - +3 quarterstaff (chaos)
rCold   . . .      Faith    .   (shield currently unavailable)
rNeg    . . .      Spirit   .   d - +1 scale mail
rPois   .          Reflect  .   (helmet restricted)
rElec   .          Harm     .   (no cloak)
rCorr   .          Rampage  .   (no gloves)
Will    .....                   (no boots)
Stlth   ..........              (no amulet)
HPRegen 1.11/turn               t - ring of wizardry
MPRegen 0.12/turn               b - ring of protection from fire

@: berserking, lethally poisoned (-1 -> -44), very quick
A: horns 2, retaliatory headbutt, talons 1, camouflage 1, deterioration 1, sense
surroundings 1, regeneration 1, screaming 1, weak 1, MP-powered wands
a: Renounce Religion


You were on level 8 of the Dungeon.
You worshipped Xom.
You were a favourite toy of Xom.
You visited 1 branch of the dungeon, and saw 8 of its levels.
You also visited: Sewer.

You collected 542 gold pieces.

Inventory:

Hand Weapons
 g - a +3 quarterstaff of chaos (weapon)
 r - a +2 mace of holy wrath
 x - a +2 mace of draining
 y - the +6 dagger "Fufopt" {freeze, rPois rF+ rCorr}
   (You found it on level 6 of the Dungeon)

   It freezes those it strikes, dealing additional cold damage.
   It can also slow down cold-blooded creatures.
   rF:        It protects you from fire.
   rPois:     It protects you from poison.
   rCorr:     It protects you from acid and corrosion.
Armour
 a - a +3 buckler
 d - a +1 scale mail (worn)
Magical Staves
 f - a staff of conjuration
Jewellery
 b - a ring of protection from fire (right hand)
 t - a ring of wizardry (left hand)
Wands
 w - a wand of paralysis (2)
Scrolls
 j - 5 scrolls of teleportation
 m - a scroll of brand weapon
 p - a scroll of magic mapping
 q - a scroll of silence
 u - 2 scrolls of immolation
 B - a scroll of torment {unknown}
Potions
 e - a potion of might
 h - 3 potions of degeneration
 i - a potion of brilliance
Miscellaneous
 c - a piece from Xom's chessboard (1/15)


   Skills:
 + Level 6.8 Fighting
 + Level 6.2(8.6) Maces & Flails
 + Level 9.2(10.1) Staves
 + Level 7.8 Armour
 + Level 4.2 Dodging
 + Level 4.1 Stealth
 + Level 1.6 Spellcasting
 + Level 1.0 Hexes
 + Level 1.1 Ice Magic
 + Level 3.5 Evocations


You had 10 spell levels left.
You knew the following spells:

 Your Spells              Type           Power      Damage    Failure   Level
a - Ensorcelled Hibernat  Hex/Ice        4%         N/A       43%         2

Your spell library contained the following spells:

 Spells                   Type           Power      Damage    Failure   Level
 Confusing Touch          Hex            1%         N/A       65%         3
 Portal Projectile        Hex/Tloc       2%         N/A       75%         3
 Call Canine Familiar     Summ           0%         N/A       80%         3
 Spider Form              Tmut/Pois      0%         N/A       80%         3
 Anguish                  Hex/Necr       0%         N/A       98%         4
 Leda's Liquefaction      Hex/Erth       0%         N/A       98%         4
 Yara's Violent Unravell  Hex/Tmut       0%         3d3       100%        5
 Enfeeble                 Hex            0%         N/A       100%        7


Dungeon Overview and Level Annotations

Branches:
Dungeon (8/15)             Temple (0/1) D:7           Sewer (visited)
   Lair: D:8-11

Altars:
Ashenzari
Cheibriados
Dithmenos
Elyvilon
Hepliaklqana
Trog
Uskayaw
Wu Jian
Yredelemnul
Zin

Shops:
D:8 *


Innate Abilities, Weirdness & Mutations

You have a pair of horns on your head.
You reflexively headbutt those who attack you in melee.
You have sharp toenails.
Your skin changes colour to match your surroundings (Stealth+).
Your body sometimes deteriorates upon taking damage.
You passively map a small area around you.
Your natural rate of healing is unusually fast.
You occasionally shout uncontrollably at your foes.
You are weak. (Str -2)
You expend magic power (3 MP) to strengthen your wands.


Message History

You feel very sick.
The steam dragon bites you but does no damage.
The steam dragon claws you. The gnoll sergeant barely misses you.
You sock the steam dragon!
Space warps horribly around the steam dragon!
You kill the steam dragon!
The steam dragon scales are intact enough to wear.
You feel very sick.
Your Hexes skill increases to level 1!
The steam dragon easily resists.
You feel very sick.
The gnoll sergeant hits you but does no damage.
You are more poisoned.
Unknown command.
You hit the steam dragon. You freeze the steam dragon.
Your kick misses the steam dragon. Your headbutt misses the steam dragon.
The steam dragon is lightly wounded.
You feel very sick.
The gnoll sergeant hits you from afar with a +1 trident of venom!
Your body deteriorates!
You feel dopey.
You are lethally poisoned!
An orc comes into view. It is wielding a +0 club.
The steam dragon breathes steam at you. The ball of steam misses you.
You hear a howl!
You hit the steam dragon but do no damage.
The steam dragon is poisoned.
The steam dragon is lightly wounded.
* * * LOW HITPOINT WARNING * * *
You feel extremely sick.
The gnoll sergeant hits you from afar with a +1 trident of venom!
* * * LOW HITPOINT WARNING * * *
You are more poisoned.
The steam dragon bites you.
* * * LOW HITPOINT WARNING * * *
The steam dragon claws you but does no damage.
A red film seems to cover your vision as you go berserk!
You feel yourself moving faster!
You feel mighty!
You die...
Xom is highly amused!

..#........# * ...#.......# * *
, #..$#o..... , ...#......
..#...#...#...... .# .......
........##.#
......##..##....g#.# ..........
#####D#.# ........########@#.#
#..............#§§.##
#..........>...§§§..# ≈
.......#######.§....# *### *
.......# #......# ##..## *
.......# #......###....# ≈
.......###########.........#≈≈
∩........................≈≈≈≈≈≈≈
...).).########.###.......≈≈≈≈≈


You could see a steam dragon (very poisoned), a gnoll sergeant and an orc.

Vanquished Creatures
  Pikel (D:5)
  Sigmund (D:6)
  A wyvern (D:8)
  2 steam dragons
  Duvessa (D:5)
  An ice beast (D:7)
  A black bear (D:4)
  An orc warrior (D:6)
  6 ogres
  A sky beast (D:6)
  A centaur (D:3)
  2 kobold brigands
  A necrophage (D:5)
  3 scorpions (D:5)
  3 bullfrogs
  2 gnoll sergeants (D:7)
  Dowan (D:5)
  A howler monkey (D:6)
  4 electric eels (D:8)
  6 hounds
  A jelly (D:6)
  Crazy Yiuf (D:2)
  An orc priest (D:6)
  4 iguanas
  3 orc wizards
  A hell rat (Sewer)
  13 gnolls (D:7)
  8 adders
  A river rat (Sewer)
  A white imp (D:4)
  2 ufetubi
  2 dart slugs (D:1)
  19 orcs
  10 bats
  4 endoplasms
  7 giant cockroaches
  4 goblins
  6 hobgoblins
  4 jackals (D:2)
  13 kobolds
  7 quokkas
  10 ball pythons
  4 frilled lizards
  11 rats
177 creatures vanquished.

Vanquished Creatures (collateral kills)
  An acid dragon (D:4)
  An ogre (D:4)
  An electric eel (D:8)
  A goblin (D:4)
4 creatures vanquished.

Vanquished Creatures (others)
  2 electric eels (D:8)
  10 plants (D:8)
12 creatures vanquished.

Grand Total: 193 creatures vanquished

Notes
Turn   | Place    | Note
-------+----------+-------------------------------------------
     0 | D:1      | silky the Minotaur Chaos Knight began the quest for the
                  | Orb.
     0 | D:1      | Reached XP level 1. HP: 19/19 MP: 0/0
   495 | D:1      | Reached XP level 2. HP: 25/27 MP: 1/1
   705 | D:1      | XOM: silly message
   847 | D:1      | XOM: noise
   862 | D:1      | XOM: 5-stop teleportation journey
   879 | D:1      | XOM: silly message
   956 | D:1      | Reached XP level 3. HP: 27/33 MP: 2/2
  1026 | D:1      | Found a faded altar of an unknown god.
  1093 | D:1      | XOM: divination: detect items
  1272 | D:2      | XOM: god gift: scale mail {god gift}
  1555 | D:2      | You fall into a shaft and drop 2 floors!
  2020 | D:3      | Found a glowing drain.
  2033 | D:3      | Reached XP level 4. HP: 28/41 MP: 3/3
  2112 | Sewer    | Entered a sewer
  2123 | Sewer    | Reached skill level 1 in Stealth
  2593 | D:3      | XOM: 9-stop teleportation journey
  2655 | D:2      | XOM: summons 2 hostile shadow creatures
  2703 | D:2      | Reached XP level 5. HP: 46/46 MP: 4/4
  2853 | D:2      | Reached skill level 5 in Maces & Flails
  2923 | D:2      | XOM: noise
  3036 | D:2      | Found a runed translucent door.
  3037 | D:2      | Noticed Crazy Yiuf
  3039 | D:2      | Gained mutation: You are frail. (-10% HP) [potion of
                  | mutation]
  3039 | D:2      | Gained mutation: You passively dampen the noise of your
                  | surroundings. [potion of mutation]
  3039 | D:2      | Gained mutation: You possess an exceptional clarity of
                  | mind. [potion of mutation]
  3040 | D:2      | Lost mutation: You passively dampen the noise of your
                  | surroundings. [potion of mutation]
  3040 | D:2      | Lost mutation: You are frail. (-10% HP) [potion of
                  | mutation]
  3040 | D:2      | Lost mutation: You possess an exceptional clarity of mind.
                  | [potion of mutation]
  3040 | D:2      | Gained mutation: You are frail. (-10% HP) [potion of
                  | mutation]
  3041 | D:2      | Lost mutation: You are frail. (-10% HP) [potion of
                  | mutation]
  3041 | D:2      | Gained mutation: You expend magic power (3 MP) to
                  | strengthen your wands. [potion of mutation]
  3041 | D:2      | Gained mutation: You are partially covered in iridescent
                  | scales. (AC +2) [potion of mutation]
  3041 | D:2      | Gained mutation: You occasionally shout uncontrollably at
                  | your foes. [potion of mutation]
  3042 | D:2      | Lost mutation: You are partially covered in iridescent
                  | scales. (AC +2) [potion of mutation]
  3042 | D:2      | Lost mutation: You expend magic power (3 MP) to strengthen
                  | your wands. [potion of mutation]
  3042 | D:2      | Gained mutation: You passively map a small area around you.
                  | [potion of mutation]
  3042 | D:2      | Gained mutation: You are weak. (Str -2) [potion of
                  | mutation]
  3042 | D:2      | Gained mutation: You passively dampen the noise of your
                  | surroundings. [potion of mutation]
  3050 | D:2      | Killed Crazy Yiuf
  3301 | D:3      | XOM: 6-stop teleportation journey
  3357 | D:3      | XOM: 3-stop teleportation journey
  3437 | D:3      | Noticed a centaur
  3443 | D:3      | Killed a centaur
  3444 | D:3      | Reached XP level 6. HP: 51/55 MP: 5/5
  3588 | D:4      | Reached skill level 1 in Staves
  3734 | D:4      | Reached skill level 1 in Evocations
  3737 | D:4      | XOM: enchant monster (good)
  3755 | D:4      | Found a bloodstained altar of Trog.
  3834 | D:4      | XOM: noise
  4048 | D:4      | Found a snail-covered altar of Cheibriados.
  4138 | D:4      | Noticed an acid dragon
  4164 | D:4      | Reached skill level 5 in Fighting
  4164 | D:4      | Reached skill level 2 in Staves
  4175 | D:4      | Killed an acid dragon
  4176 | D:4      | Reached XP level 7. HP: 51/61 MP: 6/6
  4224 | D:4      | XOM: give mutations
  4224 | D:4      | Gained mutation: You expend magic power (3 MP) to
                  | strengthen your wands. [Xom's grace]
  4224 | D:4      | Gained mutation: You are partially covered in iridescent
                  | scales. (AC +2) [Xom's grace]
  4224 | D:4      | Gained mutation: You have sharp toenails. [Xom's grace]
  4224 | D:4      | Gained mutation: You are agile. (Dex +2) [Xom's grace]
  4373 | D:4      | Reached skill level 3 in Staves
  4373 | D:4      | Reached skill level 5 in Armour
  4389 | D:5      | Entered Level 5 of the Dungeon
  4513 | D:5      | Found a large runed translucent door.
  4519 | D:5      | Found a large runed translucent door.
  4529 | D:5      | Found an ornate altar of the Wu Jian Council.
  4534 | D:5      | Reached skill level 4 in Staves
  4537 | D:5      | Found a hide-covered altar of Uskayaw.
  4602 | D:5      | Noticed Dowan
  4605 | D:5      | Reached XP level 8. HP: 59/68 MP: 7/7
  4613 | D:5      | Noticed Duvessa
  4626 | D:5      | Killed Duvessa
  4629 | D:5      | Killed Dowan
  4630 | D:5      | Reached skill level 5 in Staves
  4675 | D:5      | Found a broken altar of Ashenzari.
  4710 | D:5      | Noticed Pikel
  4719 | D:5      | Killed Pikel
  4720 | D:5      | Reached skill level 6 in Staves
  4721 | D:5      | XOM: give mutations
  4721 | D:5      | Lost mutation: You are agile. (Dex +2) [Xom's mischief]
  4721 | D:5      | Gained mutation: Your body sometimes deteriorates upon
                  | taking damage. [Xom's mischief]
  5071 | D:5      | Found a hazy altar of Hepliaklqana.
  5077 | D:5      | Found a shadowy altar of Dithmenos.
  5282 | D:6      | Noticed Sigmund
  5289 | D:6      | Killed Sigmund
  5290 | D:6      | Reached skill level 7 in Staves
  5290 | D:6      | Reached XP level 9. HP: 57/75 MP: 8/8
  5294 | D:6      | Learned a level 2 spell: Ensorcelled Hibernation
  5318 | D:6      | XOM: give mutations
  5318 | D:6      | Gained mutation: Your body often deteriorates upon taking
                  | damage. [Xom's mischief]
  5318 | D:6      | Gained mutation: You are clumsy. (Dex -2) [Xom's mischief]
  5565 | D:6      | XOM: smoke on damage
  5722 | D:6      | XOM: give mutation
  5722 | D:6      | Lost mutation: You are partially covered in iridescent
                  | scales. (AC +2) [Xom's mischief]
  6157 | D:6      | Identified the +6 dagger "Fufopt" {freeze, rPois rF+ rCorr}
  6159 | D:6      | Found a white marble altar of Elyvilon.
  6219 | D:6      | Found a basalt altar of Yredelemnul.
  6420 | D:6      | XOM: god gift: book of Misfortune
  6451 | D:6      | XOM: torment (39/75 hp)
  6762 | D:7      | Reached skill level 8 in Staves
  6864 | D:7      | XOM: silly message
  6961 | D:7      | Reached skill level 1 in Spellcasting
  7143 | D:7      | Found a staircase to the Ecumenical Temple.
  7461 | D:7      | XOM: silly message
  7589 | D:8      | Found Zin's Purification Station.
  7589 | D:8      | Found a glowing silver altar of Zin.
  7607 | D:8      | Reached skill level 9 in Staves
  7674 | D:8      | XOM: confuse monster(s)
  8019 | D:8      | Lost mutation: You passively dampen the noise of your
                  | surroundings. [potion of mutation]
  8019 | D:8      | Lost mutation: Your body often deteriorates upon taking
                  | damage. [potion of mutation]
  8019 | D:8      | Lost mutation: You are clumsy. (Dex -2) [potion of
                  | mutation]
  8019 | D:8      | Gained mutation: Your natural rate of healing is unusually
                  | fast. [potion of mutation]
  8061 | D:8      | XOM: destruction
  8088 | D:8      | XOM: summons friendly soul eater
  8118 | D:8      | Reached skill level 1 in Ice Magic
  8154 | D:8      | XOM: give mutation
  8154 | D:8      | Gained mutation: Your skin changes colour to match your
                  | surroundings (Stealth+). [Xom's grace]
  8324 | D:8      | Reached XP level 10. HP: 84/84 MP: 11/11
  8331 | D:8      | Reached skill level 1 in Hexes
  8334 | D:8      | Succumbed to a gnoll sergeant's poison

Illustrated notes

Levels and vault maps discovered:
D:1:      dpeg_arrival_subterranean_lakeside_camping, layout_loops_ring,
          ebering_ecumenical_altar_mist, dk_noncrumbling_4,
          minmay_indecisive_spiral
D:2:      layout_basic, dreamdust_mushroom_princess, small_statue_intersection,
          uniq_crazy_yiuf_cottage
D:3:      layout_basic, gup_sewer_entry_glass
D:4:      minmay_chambers_of_fours, layout_loops_cross, cheibriados_altar_1,
          kennysheep_little_box, st_stairs_8, minmay_fountain_box,
          chequers_serial_rivers_large_b
D:5:      layout_cave_pools, riverfiend_overflow_shadow_ancestor,
          jmf_multi_god_temple2, evilmike_ruin_ashenzari, uniq_duvessa,
          uniq_pikel
D:6:      layout_basic, nicolae_overflow_hidden_temple, kennysheep_ying_yang,
          uniq_sigmund
D:7:      nicolae_cairo_tiling_very_big, layout_rooms, minmay_temple_entry_fiery
D:8:      cheibrodos_fzero, layout_rooms, zin_purify, gammafunk_ghost_ooze,
          chequers_big_river, uniq_amaemon

Skill      XL: |  1  2  3  4  5  6  7  8  9 10 |
---------------+-------------------------------+-----
Fighting       | 4 5 6 |  6.8
Maces & Flails | 4 5 6 |  6.2
Armour         | 3 4 5 6 7 |  7.8
Stealth        | 1 2 3 4 |  4.1
Dodging        | 2 3 4 |  4.2
Staves         | 2 4 7 9 |  9.2
Evocations     | 1 2 3 |  3.5
Spellcasting   | 1 |  1.6
Ice Magic      | 1 |  1.1
Hexes          | 1 |  1.0

Action                   |  1- 3 |  4- 6 |  7- 9 | 10-12 || total
-------------------------+-------+-------+-------+-------++-------
Melee: Mace              |    84 |    64 |       |       ||   148
       Headbutt          |    10 |    13 |    34 |       ||    57
       Punch             |     2 |       |       |       ||     2
       Quarterstaff      |       |    35 |   223 |     8 ||   266
       Kick              |       |       |    43 |     3 ||    46
 Cast: Ensorcelled Hiber |       |       |    12 |     2 ||    14
Evoke: Piece from Xom's  |    11 |    14 |    15 |       ||    40
       Wand              |       |       |     2 |       ||     2
  Use: Scroll            |     4 |       |    11 |       ||    15
       Potion            |       |     7 |    16 |     1 ||    24
 Stab: Petrifying        |     1 |       |       |       ||     1
       Confused          |     1 |       |       |       ||     1
       Petrified         |     1 |       |       |       ||     1
       Paralysed         |       |     2 |    10 |       ||    12
       Sleeping          |       |     1 |       |       ||     1
Armor: Leather armour    |    37 |       |       |       ||    37
       Scale mail        |    24 |    44 |    82 |     7 ||   157
Dodge: Dodged            |    66 |    78 |    96 |     4 ||   244

Table legend: (Time is in decaauts)
 A = Elapsed time spent in this place.
 B = Non-inter-level travel time spent in this place.
 C = Inter-level travel time spent in this place.
 D = Time resting spent in this place.
 E = Time spent auto-exploring this place.
 F = Levels seen in this place.
 G = Mean time per level.
                   A        B        C        D        E       F      G
               +--------+--------+--------+--------+--------+-----+--------+
         Total |   8398 |   8105 |    293 |   1406 |   4838 |   9 |  933.1 |
       Dungeon |   8056 |   7763 |    293 |   1158 |   4838 |   8 | 1007.0 |
         Sewer |    341 |    341 |      0 |    248 |      0 |   1 |  341.0 |
               +--------+--------+--------+--------+--------+-----+--------+

Top non-repeatable levels by time:
     D:6: 1467 daAuts
     D:1: 1255 daAuts
     D:3: 1143 daAuts
     D:7: 920 daAuts
     D:2: 881 daAuts
     D:4: 856 daAuts
     D:5: 813 daAuts
     D:8: 717 daAuts
   Sewer: 341 daAuts
